 Dungeon Crawl Stone Soup version 0.22-a0-305-gd21a89c (webtiles) character file.

3410 vishdafish the Ruffian (level 9, 0/71 HPs)
             Began as a Demonspawn Fighter on Mar 30, 2018.
             Was a Priest of Makhleb.
             Slain by a guardian serpent (21 damage)
             ... on level 10 of the Dungeon.
             The game lasted 00:14:41 (7257 turns).

vishdafish the Ruffian (Demonspawn Fighter)         Turns: 7257, Time: 00:14:42

Health: 0/71       AC:  8    Str: 14 (17) XL:     9   Next: 75%
Magic:  9/9        EV: 10    Int:  8 (11) God:    Makhleb [***...]
Gold:   400        SH: 10    Dex: 13 (14) Spells: 8/8 levels left

rFire    . . .     SeeInvis .     - Unarmed
rCold    . . .     Gourm    .   c - +0 shield
rNeg     . . .     Faith    .   b - +0 scale mail
rPois    .         Spirit   .   (helmet restricted)
rElec    .         Reflect  .   d - +0 cloak
rCorr    .         Harm     .   (no gloves)
MR       .....                  (no boots)
Stlth    +.........             y - amulet of regeneration
HPRegen  0.61/turn              (no ring)
MPRegen  0.11/turn              (no ring)

@: no status effects
A: claws 2, hooves 1, horns 2, nightstalker 1
a: Minor Destruction, Lesser Servant of Makhleb, Renounce Religion


You were on level 10 of the Dungeon.
You worshipped Makhleb.
Makhleb was most pleased with you.
You were near starving.

You visited 2 branches of the dungeon, and saw 11 of its levels.

You collected 400 gold pieces.

Inventory:

Hand Weapons
 a - a +0 long sword
Missiles
 h - 70 sling bullets
Armour
 b - a +0 scale mail (worn)
 c - a +0 shield (worn)
 d - a +0 cloak (worn)
Jewellery
 y - an amulet of regeneration (around neck)
Wands
 s - a wand of digging (9)
 C - a wand of clouds (2)
 D - a wand of paralysis (4)
Scrolls
 e - 4 scrolls of enchant weapon
 g - 2 scrolls of enchant armour
 i - 2 scrolls of fear {unknown}
 m - 8 scrolls of remove curse
 n - a scroll of blinking {unknown}
 p - 6 scrolls of teleportation
 r - 2 scrolls of noise {unknown}
 t - a scroll of immolation {unknown}
 x - 2 scrolls of fog {unknown}
 A - 2 scrolls of amnesia
 G - a scroll of magic mapping {unknown}
Potions
 j - a potion of magic
 k - a potion of degeneration
 l - 7 potions of curing
 o - 2 potions of brilliance
 q - 2 potions of resistance
 u - a potion of mutation {unknown}
 v - 2 potions of cancellation
 w - a potion of haste {unknown}
 z - 2 potions of lignification {unknown}
 E - 4 potions of flight {unknown}
Comestibles
 f - 22 rations


   Skills:
 + Level 6.6 Fighting
 - Level 1.8 Long Blades
 + Level 5.9 Armour
 + Level 5.0 Dodging
 + Level 6.0 Shields
 * Level 7.0 Unarmed Combat


You had 8 spell levels left.
You didn't know any spells.

Dungeon Overview and Level Annotations

Branches:
Dungeon (10/15)            Temple (1/1) D:4
   Lair: D:8-11         Orc: D:9-12

Altars:
Ashenzari
Cheibriados
Elyvilon
Fedhas
Hepliaklqana
Kikubaaqudgha
Makhleb
Nemelex Xobeh
Okawaru
Qazlal
Ru
Sif Muna
Trog
Uskayaw
Vehumet
Xom
Yredelemnul
Zin
The Shining One

Shops:
D:5 (

Annotations:
D:9 xccam's ghost, novice FoFi


Innate Abilities, Weirdness & Mutations

You have very sharp fingernails.
You have large cloven feet.
You have a pair of horns on your head.
You are slightly more attuned to the shadows.


Message History

Press: ? - help, Shift-Dir - straight line, f - guardian serpent
Aim: a guardian serpent (moderately wounded, chance to defeat MR: 15%)
The guardian serpent resists with almost no effort.
You block the guardian serpent's attack.
The guardian serpent hits you.
You scratch the guardian serpent but do no damage.
Your kick misses the guardian serpent.
The guardian serpent is moderately wounded.
The guardian serpent hits you.
* * * LOW HITPOINT WARNING * * *
Your scale mail prevents you from hitting the guardian serpent.
Your kick misses the guardian serpent.
Your headbutt misses the guardian serpent.
The guardian serpent is moderately wounded.
The guardian serpent misses you.
It was a potion of degeneration.
There was something very wrong with that liquid.
You feel weakened.
You feel dopey.
You feel clumsy. The guardian serpent hits you!!
You die...

... #.. #.. #..
#..
#.S#############
#..@...........#
#..############.#
#. #.#
#..############.#
...............#
...............#
...............#
.#######.#######.#
.........#######.#


You could see a guardian serpent.

Vanquished Creatures
  Erolcha (D:7)
  Prince Ribbit (D:8)
  A hungry ghost (D:7)
  4 orc warriors
  An ice beast (D:7)
  2 ogres
  A phantom (D:3)
  2 centaurs
  2 bullfrogs
  2 wyvern skeletons
  A scorpion (D:5)
  A howler monkey (D:6)
  A bullfrog zombie (D:5)
  3 crimson imps
  A quasit (D:5)
  A jelly (D:8)
  The ghost of zero the Sneak, a weakling SpEn (D:3)
  A hound (D:5)
  7 orc wizards
  6 orc priests
  Crazy Yiuf (D:2)
  2 bullfrog skeletons (D:7)
  An iguana (D:4)
  4 worker ants
  Robin (D:4)
  15 gnolls
  A howler monkey skeleton (D:8)
  5 adders
  2 shadow imps
  An ooze (D:2)
  2 adder skeletons (D:4)
  7 worms
  2 dart slugs (D:1)
  3 leopard geckos
  25 orcs
  2 bats (D:1)
  A giant cockroach (D:8)
  14 goblins
  7 hobgoblins
  4 kobolds
  2 ball pythons
  5 frilled lizards
  A jackal zombie (D:5)
  A leopard gecko skeleton (D:5)
  A quokka skeleton (D:4)
  A quokka zombie (D:5)
  2 rats (D:2)
153 creatures vanquished.

Notes
Turn   | Place    | Note
-------+----------+-------------------------------------------
     0 | D:1      | vishdafish the Demonspawn Fighter began the quest for the Orb.
     0 | D:1      | Reached XP level 1. HP: 18/18 MP: 1/1
   178 | D:1      | Gained mutation: You have a pair of small horns on your head. [demonic ancestry]
   178 | D:1      | Reached XP level 2. HP: 24/24 MP: 2/2
   504 | D:2      | Found a faded altar of an unknown god.
   663 | D:2      | Gained mutation: You have a pair of horns on your head. [demonic ancestry]
   663 | D:2      | Reached XP level 3. HP: 27/29 MP: 3/3
   731 | D:2      | Found a snail-covered altar of Cheibriados.
   825 | D:2      | Found a runed door.
  1369 | D:2      | Noticed Crazy Yiuf
  1372 | D:2      | Killed Crazy Yiuf
  1372 | D:2      | Reached skill level 1 in Dodging
  1372 | D:2      | Gained mutation: You are slightly more attuned to the shadows. [demonic ancestry]
  1372 | D:2      | Reached XP level 4. HP: 31/35 MP: 4/4
  1539 | D:3      | Reached skill level 1 in Unarmed Combat
  1613 | D:3      | Noticed zero's ghost (weakling SpEn)
  1639 | D:3      | Killed zero's ghost
  1918 | D:4      | Found a staircase to the Ecumenical Temple.
  1971 | D:4      | Gained mutation: You have sharp fingernails. [demonic ancestry]
  1971 | D:4      | Reached XP level 5. HP: 35/42 MP: 5/5
  1983 | Temple   | Entered the Ecumenical Temple
  2290 | Temple   | Became a worshipper of Makhleb the Destroyer
  2572 | D:4      | Noticed a phantom
  2575 | D:4      | Noticed Robin
  2780 | D:3      | Killed a phantom
  2780 | D:3      | Reached * piety under Makhleb
  2780 | D:3      | Reached skill level 2 in Unarmed Combat
  2780 | D:3      | Gained mutation: You have large cloven feet. [demonic ancestry]
  2780 | D:3      | Reached XP level 6. HP: 21/48 MP: 6/6
  2957 | D:4      | Killed Robin
  3290 | D:4      | Found a bloodstained altar of Trog.
  3386 | D:4      | Found a glowing golden altar of the Shining One.
  3523 | D:5      | Entered Level 5 of the Dungeon
  3544 | D:5      | Found a burning altar of Makhleb.
  3711 | D:5      | Reached skill level 3 in Unarmed Combat
  3711 | D:5      | Reached XP level 7. HP: 40/55 MP: 7/7
  3745 | D:5      | Found Leisisoo's Antique Weapon Shoppe.
  3867 | D:5      | Found a sparkling altar of Nemelex Xobeh.
  4221 | D:6      | Reached ** piety under Makhleb
  4547 | D:6      | Reached skill level 4 in Unarmed Combat
  4721 | D:5      | Reached skill level 5 in Fighting
  4756 | D:5      | Reached XP level 8. HP: 39/62 MP: 8/8
  4905 | D:6      | Found a sacrificial altar of Ru.
  5040 | D:7      | Reached skill level 5 in Unarmed Combat
  5043 | D:7      | Reached skill level 5 in Shields
  5136 | D:6      | Reached skill level 5 in Armour
  5717 | D:8      | Noticed Prince Ribbit
  5749 | D:8      | Killed Prince Ribbit
  5749 | D:8      | Gained mutation: You have very sharp fingernails. [demonic ancestry]
  5749 | D:8      | Reached XP level 9. HP: 52/69 MP: 9/9
  5932 | D:8      | Reached *** piety under Makhleb
  6116 | D:8      | Reached skill level 6 in Unarmed Combat
  6660 | D:9      | Noticed Erolcha
  6678 | D:7      | HP: 1/69 [something (18)]
  6700 | D:7      | Killed Erolcha
  6953 | D:9      | Found a deep blue altar of Sif Muna.
  7005 | D:9      | Reached skill level 5 in Dodging
  7005 | D:9      | Reached skill level 7 in Unarmed Combat
  7010 | D:9      | Noticed xccam's ghost (novice FoFi)
  7192 | D:10     | Entered Level 10 of the Dungeon
  7248 | D:10     | Noticed a guardian serpent
  7257 | D:10     | Slain by a guardian serpent

Vault maps used:
D:1:      dpeg_arrival_fog
D:2:      minmay_door_path, marbit_many_paths,
          chequers_ecumenical_altar_simple_redux, first_ration,
          uniq_crazy_yiuf_cottage
D:4:      nicolae_overflow_crystal_walls, minmay_temple_entry_butterflies,
          nicolae_tso_swordbearing_angel, uniq_robin
D:5:      nemelex_xobeh_ov_fountains_minmay, serial_shops, shop,
          makhleb_blood_cavern_becter
D:6:      nicolae_ru_the_path_less_chosen
D:8:      uniq_prince_ribbit1
D:9:      led_sif_pool, gammafunk_temple_overflow_forgotten, hangedman_ranch,
          uniq_erolcha
D:10:     nrook_guardian_serpent_snake_passage, lair_entry_dummy,
          minmay_door_square, lemuel_tele_altar
Temple:   minmay_temple_curvy_branch

Skill      XL: |  1  2  3  4  5  6  7  8  9 |
---------------+----------------------------+-----
Armour         | 3 4 5 |  5.9
Shields        | 3 4 5 6 |  6.0
Dodging        | 1 2 3 4 5 |  5.0
Unarmed Combat | 1 2 3 4 5 7 |  7.0
Fighting       | 4 5 6 |  6.6
Long Blades    | |  1.8

Action                   |  1- 3 |  4- 6 |  7- 9 || total
-------------------------+-------+-------+-------++-------
Melee: Long sword        |    75 |    14 |       ||    89
       Headbutt          |     6 |    34 |    61 ||   101
       Unarmed           |     1 |   237 |   358 ||   596
       Kick              |       |    32 |    97 ||   129
Throw: Throwing net      |       |       |     1 ||     1
Evoke: Wand              |       |       |    14 ||    14
  Use: Potion            |     1 |     4 |     5 ||    10
       Scroll            |       |     7 |     4 ||    11
 Stab: Held in net/web   |       |       |     1 ||     1
       Paralysed         |       |       |     6 ||     6
       Confused          |       |       |     2 ||     2
  Eat: Chunk             |     1 |     5 |    12 ||    18
       Ration            |       |     1 |       ||     1
Armor: Scale mail        |    29 |    97 |   121 ||   247
Dodge: Dodged            |    12 |    77 |   129 ||   218
Block: Shield            |    34 |   117 |   165 ||   316
       Rpst.: Long sword |     3 |     1 |       ||     4

Table legend:
 A = Spawn XP
 B = Non-spawn XP
 C = Spawn XP percentage of total XP
 D = Spawn monster count
 E = Non-spawn monster count
 F = Spawn count percentage of total count
 G = Total turns spent on level
                    A         B        C        D         E        F      G
               +---------+---------+-------+---------+---------+-------+---------
         Total |       0 |    4872 |   0.0 |       0 |     153 |   0.0 |  7257
               +---------+---------+-------+---------+---------+-------+---------
           D:1 |       0 |      21 |   0.0 |       0 |      10 |   0.0 |   504
           D:2 |       0 |      86 |   0.0 |       0 |      15 |   0.0 |   955
           D:3 |       0 |     262 |   0.0 |       0 |      23 |   0.0 |   816
           D:4 |       0 |     175 |   0.0 |       0 |      18 |   0.0 |   918
           D:5 |       0 |     761 |   0.0 |       0 |      25 |   0.0 |   794
           D:6 |       0 |     587 |   0.0 |       0 |      22 |   0.0 |   741
           D:7 |       0 |    1864 |   0.0 |       0 |      20 |   0.0 |   751
           D:8 |       0 |     663 |   0.0 |       0 |       8 |   0.0 |   940
           D:9 |       0 |     453 |   0.0 |       0 |      12 |   0.0 |   443
               +---------+---------+-------+---------+---------+-------+---------
